[ AOE2 MATCH · #493576279 ]
UnrankedEthiopians vs Khmer
[ REPLAY ANALYSIS · EXTRACTED FROM THE RECORDED GAME ]
Feudal
9:33
Castle
27:44
Imperial
—
| APM avg | 40.9 |
| APM peak | 85 |
| eAPM avg | 14.9 |
| Villagers / military | 48 / 47 |
Focus
⚔️ 29.0% · 🌾 71.0%
Archer ×46 · Spearman ×1
Feudal
9:03
Castle
23:37
Imperial
37:12
| APM avg | 59.6 |
| APM peak | 94 |
| eAPM avg | 26.4 |
| Villagers / military | 143 / 83 |
Focus
⚔️ 29.8% · 🌾 70.2%
Knight ×39 · Scout Cavalry ×31 · Battle Elephant ×13 · Trade Cart ×3
Feudal
8:40
Castle
24:05
Imperial
—
| APM avg | 33.4 |
| APM peak | 56 |
| eAPM avg | 15.0 |
| Villagers / military | 92 / 76 |
Focus
⚔️ 32.8% · 🌾 67.2%
Knight ×50 · Scout Cavalry ×26
Feudal
8:59
Castle
27:08
Imperial
—
| APM avg | 32.2 |
| APM peak | 88 |
| eAPM avg | 12.5 |
| Villagers / military | 62 / 37 |
Focus
⚔️ 27.1% · 🌾 72.9%
Scout Cavalry ×21 · Knight ×16
Feudal
10:30
Castle
24:13
Imperial
—
| APM avg | 45.2 |
| APM peak | 71 |
| eAPM avg | 23.6 |
| Villagers / military | 63 / 122 |
Focus
⚔️ 51.7% · 🌾 48.3%
Archer ×104 · Skirmisher ×13 · Battering Ram ×5
Feudal
9:05
Castle
24:47
Imperial
—
| APM avg | 55.4 |
| APM peak | 101 |
| eAPM avg | 19.0 |
| Villagers / military | 79 / 86 |
Focus
⚔️ 41.8% · 🌾 58.2%
Archer ×86
Feudal
9:15
Castle
24:43
Imperial
—
| APM avg | 61.6 |
| APM peak | 105 |
| eAPM avg | 23.3 |
| Villagers / military | 94 / 91 |
Focus
⚔️ 34.6% · 🌾 65.4%
Archer ×90 · Spearman ×1
Feudal
8:43
Castle
26:54
Imperial
—
| APM avg | 42.5 |
| APM peak | 81 |
| eAPM avg | 16.5 |
| Villagers / military | 78 / 72 |
Focus
⚔️ 27.0% · 🌾 73.0%
Knight ×40 · Scout Cavalry ×32
Match map
Initial resources + every placement click. Lines = walls · curves = elevation contours. ◆ gold · ⬟ stone · ● berries · ✦ relic · ◌ wall gap
Your base· Open — 4t gap
TheEagle's base· Open — unwalled flank
Yisaac's base· Open — unwalled flank
Nubsinc's base· ✓ Closed at 27:08 · 29t walls · 2 gate(s)
luch0_ta's base· Open — 4t gap
Lord Aubergine's base· ✓ Closed at 24:47 · 50t walls · 2 gate(s)
tigerdownhill_'s base· Open — 1t gap
BCPrattIV's base· ✓ Closed at 26:54 · 42t walls · 1 gate(s)
Smoothed initial terrain · ◌ = detected wall gap · hover for details
Inputs per minute
— shottyg - - TheEagle
Build order — shottyg
132 actions detected in the replay
| 0:01 | Queue | Villager (Male) |
| 0:02 | Queue | Villager (Male) |
| 0:02 | Queue | Villager (Male) |
| 0:03 | Build | House |
| 0:05 | Build | House |
| 0:25 | Queue | Villager (Male) |
| 1:23 | Queue | Villager (Male) |
| 1:51 | Queue | Villager (Male) |
| 2:24 | Build | Lumber Camp |
| 2:54 | Queue | Villager (Male) ×2 |
| 3:47 | Build | House |
| 3:49 | Queue | Villager (Male) |
| 3:51 | Queue | Villager (Male) ×2 |
| 4:07 | Queue | Villager (Male) |
| 5:33 | Research | Loom |
| 5:34 | Queue | Villager (Male) |
| 6:36 | Queue | Villager (Male) |
| 6:40 | Build | Mining Camp |
| 7:23 | Research | Feudal Age |
| 8:05 | Build | Barracks |
| 8:18 | Build | House |
| 9:02 | Queue | Villager (Male) |
| 9:03 | Queue | Villager (Male) |
| 9:33 | Age | Feudal Age |
| 9:37 | Build | Archery Range |
| 9:54 | Queue | Villager (Male) |
| 9:55 | Queue | Villager (Male) |
| 10:12 | Queue | Archer |
| 10:16 | Build | Archery Range |
| 10:27 | Queue | Villager (Male) |
| 10:27 | Queue | Villager (Male) |
| 10:39 | Build | Blacksmith |
| 10:47 | Queue | Archer |
| 10:51 | Queue | Archer |
| 11:19 | Build | Mill |
| 11:22 | Queue | Villager (Male) ×3 |
| 11:25 | Queue | Archer |
| 11:42 | Build | House |
| 11:56 | Research | Fletching |
| 11:58 | Queue | Archer |
| 11:59 | Queue | Archer |
| 11:59 | Queue | Archer |
| 12:10 | Queue | Archer |
| 12:10 | Queue | Archer |
| 12:17 | Research | Padded Archer Armor |
| 12:28 | Queue | Archer |
| 12:28 | Queue | Archer |
| 12:50 | Queue | Archer |
| 12:50 | Queue | Archer |
| 13:07 | Queue | Archer |
| 13:07 | Queue | Archer |
| 13:14 | Build | House |
| 13:15 | Build | House |
| 13:27 | Queue | Archer |
| 13:27 | Queue | Archer |
| 13:28 | Queue | Villager (Male) ×2 |
| 13:47 | Build | House |
| 13:55 | Queue | Archer |
| 13:56 | Queue | Archer |
| 14:17 | Build | Mill |
| 14:40 | Build | House |
| 14:44 | Build | House |
| 14:59 | Queue | Villager (Male) ×4 |
| 15:49 | Queue | Villager (Male) |
| 16:34 | Queue | Archer |
| 16:34 | Queue | Archer |
| 16:35 | Queue | Archer |
| 16:59 | Queue | Archer |
| 17:00 | Queue | Archer |
| 17:00 | Queue | Archer |
| 17:00 | Queue | Archer |
| 17:23 | Queue | Villager (Male) ×3 |
| 17:49 | Queue | Archer |
| 17:49 | Queue | Archer |
| 17:49 | Queue | Archer |
| 17:59 | Build | Watch Tower |
| 18:19 | Queue | Archer |
| 18:19 | Queue | Archer |
| 18:20 | Queue | Archer |
| 18:20 | Queue | Villager (Male) ×5 |
| 18:48 | Build | Farm |
| 18:48 | Build | Farm |
| 18:49 | Build | Farm |
| 18:49 | Build | Farm |
| 18:52 | Build | Farm |
| 18:53 | Build | Farm |
| 18:53 | Build | Farm |
| 18:53 | Build | Farm |
| 18:53 | Build | Farm |
| 18:54 | Build | Farm |
| 19:03 | Build | House |
| 19:55 | Build | House |
| 20:45 | Build | Lumber Camp |
| 21:02 | Queue | Archer |
| 21:02 | Queue | Archer |
| 21:03 | Queue | Archer |
| 21:40 | Build | Archery Range |
| 22:20 | Queue | Villager (Male) ×5 |
| 22:30 | Queue | Archer |
| 22:30 | Queue | Archer |
| 22:31 | Queue | Archer |
| 22:50 | Queue | Spearman |
| 23:03 | Build | Farm |
| 23:03 | Build | Farm |
| 23:07 | Build | Farm |
| 23:37 | Build | Archery Range |
| 24:09 | Queue | Archer |
| 24:09 | Queue | Archer |
| 24:09 | Queue | Archer |
| 24:33 | Build | Farm |
| 24:35 | Build | Farm |
| 25:04 | Research | Castle Age |
| 25:26 | Queue | Archer |
| 25:26 | Queue | Archer |
| 25:26 | Queue | Archer |
| 25:37 | Build | Archery Range |
| 25:56 | Build | Mining Camp |
| 26:07 | Queue | Archer |
| 26:07 | Queue | Archer |
| 27:44 | Age | Castle Age |
| 28:39 | Research | Crossbowman (upgrade) |
| 30:29 | Build | Market |
| 31:55 | Build | Town Center |
| 32:48 | Queue | Villager (Male) |
| 32:48 | Queue | Villager (Male) |
| 32:48 | Queue | Villager (Male) |
| 32:48 | Queue | Villager (Male) |
| 33:03 | Queue | Villager (Male) |
| 33:34 | Build | Lumber Camp |
| 33:48 | Build | House |
| 33:50 | Build | House |
| 34:12 | Research | Double-Bit Axe |
Build order — TheEagle
First 150 of 400 actions detected
| 0:01 | Queue | Villager (Male) ×4 |
| 0:01 | Queue | Villager (Male) ×4 |
| 0:02 | Build | House |
| 0:04 | Build | House |
| 0:07 | Build | House |
| 1:23 | Queue | Villager (Male) |
| 2:09 | Queue | Villager (Male) |
| 2:10 | Queue | Villager (Male) |
| 2:43 | Queue | Villager (Male) |
| 2:43 | Queue | Villager (Male) |
| 2:44 | Queue | Villager (Male) |
| 2:45 | Build | Lumber Camp |
| 3:17 | Queue | Villager (Male) |
| 3:17 | Queue | Villager (Male) |
| 3:17 | Queue | Villager (Male) |
| 3:17 | Queue | Villager (Male) |
| 3:18 | Queue | Villager (Male) |
| 3:37 | Build | House |
| 4:00 | Queue | Villager (Male) |
| 4:41 | Queue | Villager (Male) |
| 5:14 | Build | Mill |
| 5:20 | Queue | Villager (Male) |
| 5:41 | Queue | Villager (Male) |
| 5:51 | Research | Loom |
| 5:51 | Research | Loom |
| 5:51 | Research | Loom |
| 5:59 | Queue | Villager (Male) |
| 6:20 | Research | Loom |
| 6:21 | Research | Loom |
| 6:21 | Research | Loom |
| 6:45 | Research | Feudal Age |
| 6:45 | Research | Feudal Age |
| 7:52 | Queue | Villager (Male) |
| 8:15 | Build | House |
| 8:38 | Build | Mill |
| 9:03 | Age | Feudal Age |
| 9:05 | Build | Stable |
| 9:10 | Queue | Villager (Male) |
| 9:25 | Research | Double-Bit Axe |
| 9:25 | Research | Double-Bit Axe |
| 9:37 | Queue | Villager (Male) |
| 9:47 | Queue | Scout Cavalry |
| 9:47 | Queue | Scout Cavalry |
| 9:50 | Queue | Villager (Male) |
| 10:03 | Queue | Villager (Male) |
| 10:06 | Queue | Scout Cavalry |
| 10:08 | Build | House |
| 10:19 | Research | Horse Collar |
| 10:19 | Research | Horse Collar |
| 10:20 | Research | Horse Collar |
| 10:40 | Build | Palisade Wall |
| 10:49 | Queue | Villager (Male) |
| 10:52 | Build | Farm |
| 11:00 | Queue | Scout Cavalry |
| 11:06 | Build | Palisade Wall |
| 11:11 | Build | House |
| 11:21 | Queue | Scout Cavalry |
| 11:23 | Queue | Villager (Male) |
| 11:24 | Build | Farm |
| 11:41 | Queue | Scout Cavalry |
| 11:42 | Queue | Villager (Male) |
| 11:45 | Build | Farm |
| 11:49 | Queue | Villager (Male) |
| 11:52 | Build | Farm |
| 12:08 | Build | Farm |
| 12:13 | Queue | Villager (Male) |
| 12:15 | Build | Farm |
| 12:28 | Build | House |
| 12:37 | Queue | Scout Cavalry |
| 12:55 | Queue | Villager (Male) |
| 12:56 | Build | Farm |
| 12:57 | Build | Farm |
| 13:17 | Queue | Villager (Male) |
| 13:18 | Queue | Scout Cavalry |
| 13:22 | Build | Blacksmith |
| 13:34 | Queue | Villager (Male) |
| 13:37 | Build | Farm |
| 13:51 | Queue | Scout Cavalry |
| 13:56 | Build | Farm |
| 14:10 | Queue | Scout Cavalry |
| 14:22 | Queue | Villager (Male) |
| 14:24 | Build | House |
| 14:25 | Build | House |
| 14:28 | Research | Town Watch |
| 14:28 | Research | Town Watch |
| 14:39 | Research | Scale Barding Armor |
| 14:39 | Research | Scale Barding Armor |
| 14:46 | Build | Farm |
| 14:46 | Build | Farm |
| 14:48 | Build | Farm |
| 14:54 | Queue | Villager (Male) |
| 14:59 | Build | Farm |
| 15:00 | Build | Farm |
| 15:09 | Queue | Villager (Male) |
| 15:11 | Build | Farm |
| 15:21 | Queue | Villager (Male) |
| 15:30 | Queue | Villager (Male) |
| 15:31 | Build | Farm |
| 15:33 | Build | Farm |
| 15:39 | Queue | Scout Cavalry |
| 15:42 | Queue | Villager (Male) |
| 15:49 | Queue | Scout Cavalry |
| 16:06 | Build | House |
| 16:30 | Queue | Villager (Male) |
| 16:30 | Queue | Scout Cavalry |
| 16:33 | Build | House |
| 16:36 | Build | Mining Camp |
| 16:47 | Queue | Scout Cavalry |
| 16:50 | Queue | Villager (Male) |
| 16:53 | Build | House |
| 17:05 | Research | Forging |
| 17:05 | Research | Forging |
| 17:06 | Research | Forging |
| 17:07 | Queue | Villager (Male) |
| 17:09 | Build | House |
| 17:10 | Build | House |
| 17:13 | Queue | Villager (Male) |
| 17:15 | Build | Farm |
| 17:34 | Queue | Scout Cavalry |
| 17:42 | Queue | Scout Cavalry |
| 17:43 | Queue | Villager (Male) |
| 17:44 | Build | Farm |
| 17:47 | Build | Farm |
| 17:47 | Build | Farm |
| 17:48 | Build | Farm |
| 17:48 | Build | Farm |
| 17:48 | Build | Farm |
| 18:03 | Research | Bloodlines |
| 18:06 | Research | Bloodlines |
| 18:20 | Build | Lumber Camp |
| 18:27 | Queue | Scout Cavalry |
| 18:35 | Queue | Villager (Male) |
| 18:41 | Queue | Villager (Male) |
| 18:54 | Queue | Scout Cavalry |
| 18:58 | Queue | Villager (Male) |
| 19:11 | Build | Farm |
| 19:13 | Build | Farm |
| 19:14 | Build | Farm |
| 19:16 | Queue | Scout Cavalry |
| 19:36 | Queue | Villager (Male) |
| 19:42 | Queue | Scout Cavalry |
| 19:45 | Queue | Villager (Male) |
| 19:55 | Queue | Scout Cavalry |
| 20:46 | Queue | Scout Cavalry |
| 20:57 | Research | Castle Age |
| 21:20 | Queue | Villager (Male) |
| 21:27 | Build | Stable |
| 21:33 | Queue | Scout Cavalry |
| 21:51 | Queue | Villager (Male) |
| 21:57 | Queue | Villager (Male) |
Build order — Yisaac
First 150 of 279 actions detected
| 0:01 | Queue | Villager (Male) |
| 0:01 | Queue | Villager (Male) |
| 0:03 | Build | House |
| 0:05 | Build | House |
| 0:18 | Queue | Villager (Male) |
| 0:18 | Queue | Villager (Male) |
| 0:18 | Queue | Villager (Male) |
| 1:26 | Queue | Villager (Male) |
| 1:26 | Queue | Villager (Male) |
| 1:52 | Queue | Villager (Male) |
| 1:53 | Queue | Villager (Male) |
| 2:02 | Build | Lumber Camp |
| 2:26 | Queue | Villager (Male) |
| 2:27 | Queue | Villager (Male) |
| 3:04 | Queue | Villager (Male) |
| 3:05 | Queue | Villager (Male) |
| 3:05 | Queue | Villager (Male) |
| 3:16 | Build | House |
| 3:55 | Queue | Villager (Male) |
| 3:55 | Queue | Villager (Male) |
| 4:24 | Queue | Villager (Male) |
| 5:02 | Queue | Villager (Male) |
| 5:09 | Build | Mill |
| 5:35 | Queue | Villager (Male) |
| 5:58 | Queue | Villager (Male) |
| 6:30 | Research | Feudal Age |
| 6:30 | Research | Feudal Age |
| 7:36 | Build | Barracks |
| 8:40 | Age | Feudal Age |
| 8:43 | Build | Stable |
| 8:45 | Queue | Villager (Male) |
| 8:54 | Build | Stable |
| 9:00 | Build | House |
| 9:03 | Research | Loom |
| 9:36 | Queue | Scout Cavalry |
| 9:42 | Queue | Villager (Male) |
| 9:48 | Build | House |
| 9:50 | Queue | Scout Cavalry |
| 10:12 | Queue | Villager (Male) |
| 10:18 | Build | Blacksmith |
| 10:22 | Queue | Scout Cavalry |
| 10:22 | Queue | Scout Cavalry |
| 10:33 | Build | House |
| 10:38 | Queue | Villager (Male) |
| 10:56 | Build | Mill |
| 11:01 | Queue | Scout Cavalry |
| 11:01 | Queue | Scout Cavalry |
| 11:22 | Queue | Villager (Male) |
| 11:36 | Queue | Scout Cavalry |
| 11:36 | Queue | Scout Cavalry |
| 11:55 | Queue | Villager (Male) |
| 12:01 | Build | Farm |
| 12:02 | Build | Farm |
| 12:02 | Build | Farm |
| 12:02 | Build | Farm |
| 12:02 | Build | Farm |
| 12:03 | Build | Farm |
| 12:17 | Build | Farm |
| 12:24 | Queue | Villager (Male) |
| 12:41 | Build | House |
| 12:52 | Research | Scale Barding Armor |
| 12:52 | Research | Scale Barding Armor |
| 12:52 | Research | Scale Barding Armor |
| 13:16 | Queue | Villager (Male) |
| 13:20 | Build | Farm |
| 13:21 | Build | Farm |
| 13:22 | Build | Farm |
| 13:23 | Queue | Scout Cavalry |
| 13:24 | Queue | Scout Cavalry |
| 13:43 | Queue | Villager (Male) |
| 13:46 | Build | Farm |
| 13:46 | Build | Farm |
| 14:14 | Queue | Villager (Male) |
| 14:16 | Queue | Scout Cavalry |
| 14:16 | Queue | Scout Cavalry |
| 14:44 | Queue | Villager (Male) |
| 14:46 | Build | Farm |
| 14:48 | Build | House |
| 15:00 | Queue | Scout Cavalry |
| 15:01 | Queue | Scout Cavalry |
| 15:11 | Queue | Villager (Male) |
| 15:27 | Queue | Villager (Male) |
| 15:30 | Build | Farm |
| 15:42 | Queue | Scout Cavalry |
| 15:42 | Queue | Scout Cavalry |
| 15:46 | Build | Farm |
| 15:49 | Build | Mining Camp |
| 15:52 | Queue | Villager (Male) |
| 16:02 | Queue | Scout Cavalry |
| 16:03 | Queue | Scout Cavalry |
| 16:11 | Build | House |
| 16:59 | Queue | Villager (Male) |
| 17:00 | Queue | Villager (Male) |
| 17:02 | Build | Farm |
| 17:08 | Build | Farm |
| 17:09 | Build | Farm |
| 17:09 | Build | Farm |
| 17:09 | Build | Farm |
| 17:12 | Research | Forging |
| 17:12 | Research | Forging |
| 17:17 | Queue | Scout Cavalry |
| 17:17 | Queue | Scout Cavalry |
| 17:38 | Queue | Villager (Male) |
| 17:41 | Build | Farm |
| 17:42 | Build | Farm |
| 17:56 | Queue | Scout Cavalry |
| 17:59 | Build | Farm |
| 18:11 | Build | Farm |
| 18:17 | Queue | Villager (Male) |
| 18:19 | Build | Farm |
| 18:41 | Queue | Villager (Male) |
| 18:46 | Build | House |
| 18:56 | Queue | Scout Cavalry |
| 18:56 | Queue | Scout Cavalry |
| 19:09 | Build | Farm |
| 19:26 | Build | Farm |
| 19:27 | Build | Farm |
| 19:56 | Queue | Villager (Male) |
| 20:00 | Queue | Villager (Male) |
| 20:26 | Build | Market |
| 20:34 | Queue | Villager (Male) |
| 21:25 | Research | Castle Age |
| 21:25 | Research | Castle Age |
| 21:40 | Build | House |
| 21:44 | Build | Watch Tower |
| 21:48 | Build | House |
| 21:52 | Queue | Scout Cavalry |
| 22:33 | Queue | Scout Cavalry |
| 22:33 | Queue | Scout Cavalry |
| 23:43 | Build | Stable |
| 24:04 | Build | Mining Camp |
| 24:05 | Age | Castle Age |
| 24:11 | Queue | Villager (Male) |
| 24:12 | Queue | Knight |
| 24:12 | Queue | Knight |
| 24:27 | Research | Chain Barding Armor |
| 24:42 | Queue | Villager (Male) |
| 24:43 | Queue | Knight |
| 24:43 | Queue | Knight |
| 24:44 | Queue | Knight |
| 24:57 | Research | Town Watch |
| 25:14 | Queue | Villager (Male) |
| 25:14 | Queue | Villager (Male) |
| 25:16 | Queue | Knight |
| 25:37 | Queue | Villager (Male) |
| 25:37 | Queue | Villager (Male) |
| 25:43 | Build | Town Center |
| 25:44 | Queue | Villager (Male) |
| 26:02 | Queue | Knight |
| 26:03 | Queue | Knight |
Build order — Nubsinc
First 150 of 172 actions detected
| 0:00 | Queue | Villager (Male) |
| 0:01 | Queue | Villager (Male) |
| 0:01 | Queue | Villager (Male) |
| 0:01 | Queue | Villager (Male) |
| 0:02 | Queue | Villager (Male) |
| 0:04 | Build | House |
| 0:05 | Build | House |
| 1:17 | Queue | Villager (Male) |
| 1:47 | Queue | Villager (Male) |
| 1:48 | Queue | Villager (Male) |
| 2:12 | Queue | Villager (Male) |
| 2:44 | Build | Lumber Camp |
| 2:59 | Queue | Villager (Male) |
| 2:59 | Queue | Villager (Male) |
| 3:04 | Build | House |
| 3:05 | Build | House |
| 3:32 | Queue | Villager (Male) |
| 3:43 | Queue | Villager (Male) |
| 3:43 | Queue | Villager (Male) |
| 4:04 | Queue | Villager (Male) |
| 4:04 | Queue | Villager (Male) |
| 4:21 | Queue | Villager (Male) |
| 4:39 | Queue | Villager (Male) |
| 4:39 | Queue | Villager (Male) |
| 5:11 | Queue | Villager (Male) |
| 5:16 | Research | Loom |
| 6:14 | Build | Mill |
| 6:49 | Research | Feudal Age |
| 8:06 | Build | Barracks |
| 8:42 | Queue | Villager (Male) |
| 8:59 | Age | Feudal Age |
| 9:02 | Build | Stable |
| 9:13 | Research | Double-Bit Axe |
| 9:20 | Queue | Villager (Male) |
| 9:37 | Build | Farm |
| 9:49 | Build | House |
| 9:50 | Queue | Scout Cavalry |
| 9:56 | Queue | Scout Cavalry |
| 10:01 | Build | Farm |
| 10:04 | Queue | Villager (Male) |
| 10:12 | Queue | Villager (Male) |
| 10:28 | Build | House |
| 10:34 | Build | Farm |
| 10:51 | Queue | Villager (Male) |
| 10:57 | Build | Farm |
| 11:02 | Queue | Scout Cavalry |
| 11:09 | Queue | Villager (Male) |
| 11:21 | Queue | Scout Cavalry |
| 11:41 | Queue | Villager (Male) |
| 11:50 | Build | Farm |
| 11:53 | Build | Farm |
| 12:04 | Queue | Scout Cavalry |
| 12:05 | Queue | Villager (Male) |
| 12:30 | Queue | Scout Cavalry |
| 12:31 | Queue | Villager (Male) |
| 12:55 | Queue | Scout Cavalry |
| 13:08 | Build | Farm |
| 13:09 | Build | Farm |
| 13:15 | Build | Farm |
| 13:15 | Build | Farm |
| 13:15 | Build | Farm |
| 13:16 | Build | Farm |
| 13:16 | Build | Farm |
| 13:16 | Build | Farm |
| 13:18 | Queue | Villager (Male) |
| 13:48 | Build | House |
| 13:50 | Build | House |
| 13:56 | Build | Palisade Wall |
| 13:59 | Build | Farm |
| 14:02 | Build | Farm |
| 14:03 | Queue | Villager (Male) |
| 14:55 | Queue | Villager (Male) |
| 14:55 | Queue | Villager (Male) |
| 15:03 | Queue | Scout Cavalry |
| 15:03 | Queue | Scout Cavalry |
| 15:04 | Queue | Villager (Male) |
| 15:07 | Build | Stable |
| 15:19 | Build | House |
| 15:20 | Build | House |
| 15:27 | Queue | Villager (Male) |
| 15:43 | Queue | Scout Cavalry |
| 15:43 | Queue | Scout Cavalry |
| 16:34 | Queue | Scout Cavalry |
| 16:34 | Queue | Scout Cavalry |
| 16:35 | Queue | Villager (Male) |
| 16:35 | Queue | Villager (Male) |
| 16:35 | Queue | Villager (Male) |
| 16:39 | Build | Farm |
| 16:41 | Build | Farm |
| 16:46 | Build | House |
| 16:47 | Build | House |
| 16:51 | Build | House |
| 17:01 | Queue | Villager (Male) |
| 17:09 | Queue | Scout Cavalry |
| 17:09 | Queue | Scout Cavalry |
| 17:25 | Build | Blacksmith |
| 17:34 | Build | Palisade Gate |
| 17:49 | Build | Farm |
| 17:56 | Build | Palisade Gate |
| 18:01 | Queue | Scout Cavalry |
| 18:01 | Queue | Scout Cavalry |
| 18:01 | Queue | Scout Cavalry |
| 18:13 | Research | Scale Barding Armor |
| 18:30 | Build | Palisade Wall |
| 18:45 | Queue | Scout Cavalry |
| 18:48 | Queue | Villager (Male) |
| 19:17 | Build | Farm |
| 19:18 | Build | Farm |
| 19:53 | Build | House |
| 19:57 | Build | House |
| 20:01 | Build | House |
| 20:04 | Build | Mining Camp |
| 20:14 | Build | Palisade Wall |
| 20:34 | Queue | Scout Cavalry |
| 20:34 | Queue | Scout Cavalry |
| 21:16 | Research | Forging |
| 21:54 | Build | Lumber Camp |
| 22:06 | Build | House |
| 22:27 | Queue | Villager (Male) |
| 23:13 | Queue | Villager (Male) |
| 23:14 | Queue | Villager (Male) |
| 23:44 | Build | Lumber Camp |
| 23:52 | Queue | Villager (Male) |
| 24:12 | Research | Castle Age |
| 24:35 | Build | Farm |
| 24:54 | Research | Gold Mining |
| 26:08 | Queue | Villager (Male) |
| 26:08 | Queue | Villager (Male) |
| 27:08 | Age | Castle Age |
| 27:09 | Queue | Knight ×5 |
| 27:14 | Queue | Villager (Male) |
| 27:14 | Queue | Villager (Male) |
| 27:14 | Queue | Villager (Male) |
| 27:22 | Build | House |
| 27:25 | Build | House |
| 27:26 | Build | House |
| 27:27 | Build | House |
| 27:28 | Build | House |
| 27:36 | Queue | Knight |
| 27:52 | Queue | Knight |
| 28:03 | Build | Farm |
| 28:45 | Research | Chain Barding Armor |
| 29:03 | Queue | Villager (Male) |
| 29:03 | Queue | Villager (Male) |
| 30:01 | Build | Town Center |
| 30:06 | Queue | Knight ×3 |
| 31:00 | Build | Farm |
| 31:01 | Queue | Villager (Male) |
| 31:01 | Queue | Villager (Male) |
| 31:02 | Queue | Villager (Male) |
Build order — luch0_ta
First 150 of 206 actions detected
| 0:01 | Queue | Villager (Male) |
| 0:03 | Build | House |
| 0:05 | Build | House |
| 0:17 | Queue | Villager (Male) ×3 |
| 1:26 | Queue | Villager (Male) |
| 2:06 | Queue | Villager (Male) |
| 2:19 | Build | Lumber Camp |
| 2:54 | Queue | Villager (Male) |
| 3:08 | Queue | Villager (Male) |
| 3:30 | Queue | Villager (Male) |
| 3:48 | Queue | Villager (Male) |
| 3:54 | Queue | Villager (Male) |
| 4:06 | Queue | Villager (Male) |
| 4:12 | Build | House |
| 4:37 | Queue | Villager (Male) |
| 5:00 | Research | Loom |
| 5:00 | Queue | Villager (Male) |
| 5:05 | Queue | Villager (Male) |
| 5:17 | Queue | Villager (Male) |
| 5:22 | Build | Mill |
| 5:34 | Build | Palisade Wall |
| 5:43 | Queue | Villager (Male) |
| 6:06 | Queue | Villager (Male) |
| 6:22 | Queue | Villager (Male) |
| 6:47 | Queue | Villager (Male) |
| 7:00 | Build | House |
| 7:55 | Queue | Villager (Male) |
| 8:10 | Research | Feudal Age |
| 8:19 | Build | Barracks |
| 8:53 | Build | Mining Camp |
| 9:00 | Build | Palisade Wall |
| 9:05 | Build | Palisade Wall |
| 9:16 | Build | Palisade Gate |
| 10:08 | Queue | Villager (Male) |
| 10:30 | Age | Feudal Age |
| 10:33 | Build | Archery Range |
| 10:39 | Research | Double-Bit Axe |
| 10:47 | Build | Palisade Wall |
| 10:52 | Build | Palisade Wall |
| 10:57 | Queue | Villager (Male) |
| 11:07 | Build | Palisade Wall |
| 11:11 | Queue | Skirmisher |
| 11:19 | Queue | Villager (Male) |
| 11:21 | Queue | Skirmisher |
| 11:26 | Research | Town Watch |
| 11:29 | Build | House |
| 11:57 | Build | Blacksmith |
| 12:00 | Queue | Skirmisher |
| 12:07 | Build | House |
| 12:12 | Queue | Skirmisher |
| 12:28 | Queue | Villager (Male) |
| 12:31 | Build | Farm |
| 12:31 | Build | Farm |
| 12:32 | Build | Farm |
| 12:36 | Build | Farm |
| 13:02 | Queue | Skirmisher |
| 13:11 | Queue | Skirmisher |
| 13:21 | Queue | Skirmisher |
| 13:28 | Queue | Villager (Male) |
| 13:33 | Build | Farm |
| 13:46 | Queue | Skirmisher |
| 13:51 | Research | Fletching |
| 14:06 | Build | Palisade Wall |
| 14:10 | Build | House |
| 14:25 | Build | Archery Range |
| 14:41 | Research | Padded Archer Armor |
| 14:53 | Queue | Skirmisher |
| 14:54 | Queue | Skirmisher |
| 15:06 | Build | Farm |
| 15:15 | Queue | Skirmisher |
| 15:31 | Queue | Archer |
| 15:32 | Queue | Archer |
| 15:45 | Queue | Archer |
| 15:46 | Queue | Villager (Male) |
| 15:49 | Build | House |
| 15:50 | Build | House |
| 16:08 | Queue | Archer |
| 16:10 | Queue | Villager (Male) |
| 16:24 | Queue | Archer |
| 16:25 | Queue | Archer |
| 16:57 | Queue | Archer |
| 16:57 | Queue | Archer |
| 17:02 | Queue | Villager (Male) |
| 17:50 | Queue | Archer |
| 17:55 | Queue | Villager (Male) |
| 17:56 | Queue | Villager (Male) |
| 17:57 | Queue | Archer |
| 18:02 | Build | Lumber Camp |
| 18:41 | Queue | Villager (Male) |
| 18:50 | Queue | Villager (Male) |
| 19:05 | Build | Market |
| 19:16 | Queue | Skirmisher |
| 19:17 | Queue | Skirmisher |
| 19:28 | Queue | Villager (Male) |
| 19:34 | Queue | Archer ×4 |
| 19:35 | Queue | Villager (Male) |
| 19:39 | Build | House |
| 19:40 | Build | House |
| 19:42 | Build | House |
| 19:43 | Build | House |
| 20:21 | Queue | Villager (Male) |
| 20:26 | Queue | Villager (Male) |
| 20:28 | Build | Farm |
| 20:28 | Build | Farm |
| 20:29 | Build | Farm |
| 20:29 | Build | Farm |
| 21:04 | Build | Farm |
| 21:06 | Build | Farm |
| 21:33 | Research | Castle Age |
| 21:33 | Research | Castle Age |
| 21:53 | Queue | Archer ×2 |
| 22:34 | Queue | Archer ×5 |
| 22:59 | Build | Lumber Camp |
| 23:01 | Queue | Archer ×3 |
| 23:20 | Queue | Archer |
| 23:27 | Build | Palisade Wall |
| 23:59 | Queue | Archer ×5 |
| 24:13 | Age | Castle Age |
| 24:18 | Research | Crossbowman (upgrade) |
| 24:25 | Research | Bodkin Arrow |
| 24:30 | Queue | Archer ×2 |
| 24:52 | Queue | Villager (Male) |
| 24:56 | Build | Siege Workshop |
| 24:58 | Queue | Archer ×2 |
| 25:01 | Build | Palisade Wall |
| 25:02 | Queue | Villager (Male) |
| 25:03 | Queue | Villager (Male) |
| 25:18 | Queue | Archer |
| 25:22 | Queue | Archer |
| 25:33 | Build | Archery Range |
| 25:51 | Research | Leather Archer Armor |
| 25:52 | Research | Leather Archer Armor |
| 25:52 | Research | Leather Archer Armor |
| 26:26 | Queue | Battering Ram |
| 27:03 | Queue | Archer ×3 |
| 27:12 | Queue | Archer ×5 |
| 27:14 | Build | House |
| 27:28 | Queue | Villager (Male) |
| 27:39 | Build | Town Center |
| 27:42 | Queue | Archer |
| 27:46 | Build | House |
| 27:47 | Queue | Villager (Male) |
| 28:06 | Queue | Archer ×5 |
| 28:09 | Build | House |
| 28:10 | Queue | Villager (Male) |
| 28:22 | Queue | Villager (Male) |
| 28:24 | Research | Horse Collar |
| 28:31 | Queue | Villager (Male) |
| 29:01 | Queue | Villager (Male) |
| 29:02 | Queue | Archer |
Build order — Lord Aubergine
First 150 of 257 actions detected
| 0:01 | Queue | Villager (Male) |
| 0:01 | Queue | Villager (Male) |
| 0:02 | Build | House |
| 0:02 | Build | House |
| 0:06 | Queue | Villager (Male) |
| 0:06 | Queue | Villager (Male) |
| 0:06 | Queue | Villager (Male) |
| 1:23 | Queue | Villager (Male) |
| 1:24 | Queue | Villager (Male) |
| 1:54 | Build | Lumber Camp |
| 1:54 | Queue | Villager (Male) |
| 2:28 | Queue | Villager (Male) |
| 2:28 | Queue | Villager (Male) |
| 2:47 | Queue | Villager (Male) |
| 2:48 | Queue | Villager (Male) |
| 3:31 | Queue | Villager (Male) |
| 3:32 | Queue | Villager (Male) |
| 3:32 | Queue | Villager (Male) |
| 3:33 | Queue | Villager (Male) |
| 3:34 | Build | House |
| 3:52 | Queue | Villager (Male) |
| 3:53 | Queue | Villager (Male) |
| 4:12 | Queue | Villager (Male) |
| 5:31 | Build | Mill |
| 5:33 | Queue | Villager (Male) |
| 5:59 | Queue | Villager (Male) |
| 6:15 | Research | Loom |
| 6:55 | Research | Feudal Age |
| 7:30 | Queue | Villager (Male) |
| 7:30 | Queue | Villager (Male) |
| 7:41 | Build | Barracks |
| 8:28 | Build | House |
| 8:54 | Queue | Villager (Male) |
| 8:59 | Build | Mining Camp |
| 9:05 | Age | Feudal Age |
| 9:08 | Build | Archery Range |
| 9:36 | Build | Archery Range |
| 9:41 | Queue | Villager (Male) |
| 9:42 | Queue | Villager (Male) |
| 10:04 | Build | House |
| 10:06 | Build | Palisade Wall |
| 10:09 | Queue | Villager (Male) |
| 10:23 | Queue | Archer |
| 10:31 | Queue | Archer |
| 10:46 | Build | Blacksmith |
| 10:48 | Queue | Villager (Male) |
| 10:48 | Queue | Villager (Male) |
| 10:48 | Queue | Villager (Male) |
| 11:02 | Queue | Villager (Male) |
| 11:02 | Queue | Villager (Male) |
| 11:03 | Queue | Villager (Male) |
| 11:08 | Build | Palisade Wall |
| 11:10 | Queue | Archer |
| 11:10 | Queue | Archer |
| 11:32 | Queue | Archer |
| 11:37 | Build | House |
| 11:42 | Build | Palisade Gate |
| 11:43 | Build | Palisade Wall |
| 12:02 | Queue | Villager (Male) |
| 12:03 | Research | Fletching |
| 12:14 | Queue | Archer |
| 12:19 | Build | House |
| 12:21 | Build | Palisade Wall |
| 12:26 | Queue | Villager (Male) |
| 12:38 | Build | Mill |
| 12:41 | Queue | Archer |
| 12:41 | Queue | Archer |
| 12:42 | Queue | Villager (Male) |
| 12:49 | Queue | Archer |
| 12:49 | Queue | Archer |
| 13:11 | Queue | Archer |
| 13:12 | Queue | Villager (Male) |
| 13:26 | Queue | Archer |
| 13:26 | Queue | Archer |
| 13:27 | Queue | Villager (Male) |
| 13:27 | Queue | Villager (Male) |
| 13:45 | Build | House |
| 13:46 | Build | Palisade Wall |
| 13:51 | Queue | Archer |
| 13:51 | Queue | Archer |
| 13:52 | Queue | Villager (Male) |
| 13:55 | Build | House |
| 13:56 | Build | Palisade Wall |
| 14:02 | Build | House |
| 14:03 | Build | Palisade Wall |
| 14:07 | Build | Palisade Gate |
| 14:08 | Build | Palisade Wall |
| 15:27 | Build | Palisade Wall |
| 15:37 | Queue | Archer |
| 15:37 | Queue | Archer |
| 15:37 | Queue | Archer |
| 15:38 | Queue | Villager (Male) |
| 15:38 | Queue | Villager (Male) |
| 15:38 | Queue | Villager (Male) |
| 16:19 | Queue | Archer |
| 16:19 | Queue | Archer |
| 16:42 | Queue | Archer |
| 16:42 | Queue | Archer |
| 16:58 | Build | House |
| 17:23 | Queue | Archer |
| 17:23 | Queue | Archer |
| 17:24 | Queue | Archer |
| 17:24 | Queue | Villager (Male) |
| 17:24 | Queue | Villager (Male) |
| 17:40 | Queue | Archer |
| 17:40 | Queue | Archer |
| 17:49 | Build | Farm |
| 17:50 | Build | Farm |
| 18:10 | Build | House |
| 18:12 | Build | Palisade Wall |
| 18:20 | Build | House |
| 18:21 | Build | Palisade Wall |
| 18:23 | Queue | Archer |
| 18:24 | Queue | Archer |
| 18:24 | Queue | Villager (Male) |
| 18:26 | Build | Farm |
| 18:42 | Build | Farm |
| 18:49 | Queue | Archer |
| 18:51 | Queue | Villager (Male) |
| 18:51 | Queue | Villager (Male) |
| 18:51 | Queue | Villager (Male) |
| 19:18 | Queue | Archer |
| 19:46 | Build | Farm |
| 19:46 | Build | Farm |
| 19:47 | Queue | Villager (Male) |
| 19:47 | Queue | Villager (Male) |
| 19:48 | Queue | Villager (Male) |
| 19:48 | Queue | Villager (Male) |
| 20:14 | Queue | Archer |
| 20:15 | Queue | Archer |
| 20:15 | Queue | Villager (Male) |
| 20:37 | Build | Farm |
| 20:45 | Build | Market |
| 20:50 | Queue | Archer |
| 20:51 | Queue | Villager (Male) |
| 20:57 | Build | House |
| 21:12 | Queue | Archer |
| 21:42 | Queue | Archer |
| 21:53 | Queue | Archer |
| 22:07 | Research | Castle Age |
| 22:07 | Research | Castle Age |
| 22:12 | Queue | Archer |
| 22:14 | Build | House |
| 22:16 | Build | Palisade Wall |
| 22:16 | Build | Palisade Wall |
| 22:23 | Build | House |
| 22:28 | Build | House |
| 22:34 | Queue | Archer |
| 22:34 | Queue | Archer |
| 22:35 | Research | Padded Archer Armor |
Build order — tigerdownhill_
First 150 of 262 actions detected
| 0:03 | Research | Loom |
| 0:03 | Queue | Villager (Male) |
| 0:03 | Queue | Villager (Male) |
| 0:04 | Build | House |
| 0:15 | Queue | Villager (Male) |
| 0:22 | Build | House |
| 1:29 | Queue | Villager (Male) |
| 1:29 | Queue | Villager (Male) |
| 1:30 | Queue | Villager (Male) |
| 1:59 | Queue | Villager (Male) |
| 1:59 | Queue | Villager (Male) |
| 1:59 | Queue | Villager (Male) |
| 2:25 | Build | Lumber Camp |
| 2:44 | Queue | Villager (Male) |
| 2:44 | Queue | Villager (Male) |
| 2:45 | Queue | Villager (Male) |
| 3:12 | Build | House |
| 3:16 | Queue | Villager (Male) |
| 3:16 | Queue | Villager (Male) |
| 3:16 | Queue | Villager (Male) |
| 3:43 | Queue | Villager (Male) |
| 3:43 | Queue | Villager (Male) |
| 4:14 | Queue | Villager (Male) |
| 4:14 | Queue | Villager (Male) |
| 4:31 | Queue | Villager (Male) |
| 4:32 | Queue | Villager (Male) |
| 5:06 | Queue | Villager (Male) |
| 5:06 | Queue | Villager (Male) |
| 5:30 | Queue | Villager (Male) |
| 5:31 | Queue | Villager (Male) |
| 5:32 | Queue | Villager (Male) |
| 5:47 | Queue | Villager (Male) |
| 6:03 | Build | Mining Camp |
| 6:07 | Queue | Villager (Male) |
| 7:02 | Build | House |
| 7:05 | Research | Feudal Age |
| 7:06 | Research | Feudal Age |
| 7:39 | Build | Palisade Wall |
| 8:08 | Build | Palisade Wall |
| 8:14 | Build | Barracks |
| 8:38 | Queue | Villager (Male) |
| 8:57 | Build | Palisade Wall |
| 9:15 | Age | Feudal Age |
| 9:19 | Build | Archery Range |
| 9:28 | Research | Double-Bit Axe |
| 9:45 | Queue | Villager (Male) |
| 9:56 | Build | Archery Range |
| 10:01 | Queue | Villager (Male) |
| 10:10 | Queue | Archer |
| 10:12 | Queue | Spearman |
| 10:14 | Queue | Villager (Male) |
| 10:17 | Build | House |
| 10:46 | Queue | Archer |
| 10:47 | Queue | Archer |
| 10:50 | Queue | Villager (Male) |
| 10:52 | Build | House |
| 11:04 | Queue | Villager (Male) |
| 11:09 | Queue | Archer |
| 11:10 | Queue | Archer |
| 11:19 | Build | Blacksmith |
| 11:53 | Build | House |
| 11:53 | Queue | Archer ×3 |
| 12:07 | Queue | Villager (Male) |
| 12:10 | Build | Palisade Wall |
| 12:15 | Build | Palisade Wall |
| 12:20 | Build | Palisade Wall |
| 12:27 | Queue | Archer |
| 12:34 | Queue | Villager (Male) |
| 12:36 | Build | House |
| 12:39 | Build | Mill |
| 12:42 | Build | House |
| 12:47 | Queue | Villager (Male) |
| 13:11 | Queue | Villager (Male) |
| 13:21 | Build | House |
| 13:33 | Queue | Archer ×2 |
| 13:45 | Queue | Villager (Male) |
| 13:49 | Build | Palisade Wall |
| 13:54 | Queue | Archer |
| 13:57 | Queue | Villager (Male) |
| 14:30 | Research | Fletching |
| 14:44 | Queue | Archer ×2 |
| 14:48 | Queue | Villager (Male) |
| 14:50 | Build | Farm |
| 14:51 | Build | Farm |
| 14:59 | Queue | Archer |
| 15:14 | Build | House |
| 15:17 | Build | Farm |
| 15:18 | Build | Farm |
| 16:19 | Build | Farm |
| 16:27 | Build | Farm |
| 16:43 | Research | Padded Archer Armor |
| 16:43 | Queue | Archer |
| 16:44 | Queue | Archer |
| 16:44 | Queue | Archer |
| 16:44 | Queue | Archer |
| 16:59 | Queue | Archer ×3 |
| 17:11 | Queue | Villager (Male) |
| 17:14 | Build | Farm |
| 17:32 | Queue | Archer ×3 |
| 17:38 | Queue | Archer ×2 |
| 18:03 | Queue | Villager (Male) |
| 18:08 | Research | Horse Collar |
| 18:19 | Queue | Archer |
| 18:20 | Queue | Archer |
| 18:30 | Queue | Villager (Male) |
| 18:42 | Build | House |
| 18:56 | Queue | Archer ×2 |
| 19:02 | Queue | Villager (Male) |
| 19:03 | Build | Farm |
| 19:29 | Queue | Villager (Male) |
| 19:30 | Build | Farm |
| 19:48 | Build | Watch Tower |
| 20:02 | Queue | Villager (Male) |
| 20:14 | Build | Watch Tower |
| 20:16 | Queue | Villager (Male) |
| 20:17 | Build | House |
| 20:20 | Build | Farm |
| 20:53 | Queue | Villager (Male) |
| 20:54 | Queue | Archer ×5 |
| 21:19 | Queue | Villager (Male) |
| 21:22 | Queue | Archer |
| 21:23 | Queue | Archer |
| 22:03 | Research | Castle Age |
| 22:04 | Research | Castle Age |
| 22:21 | Queue | Archer |
| 22:21 | Queue | Archer |
| 22:36 | Build | House |
| 22:59 | Build | Palisade Wall |
| 23:05 | Build | Lumber Camp |
| 23:46 | Queue | Archer |
| 23:47 | Queue | Archer |
| 23:48 | Queue | Villager (Male) |
| 23:54 | Build | Palisade Wall |
| 23:56 | Build | Palisade Wall |
| 24:09 | Build | House |
| 24:12 | Build | Palisade Wall |
| 24:14 | Build | Palisade Wall |
| 24:27 | Build | Palisade Wall |
| 24:28 | Build | Palisade Wall |
| 24:35 | Build | Palisade Wall |
| 24:43 | Age | Castle Age |
| 24:46 | Research | Crossbowman (upgrade) |
| 24:47 | Research | Bodkin Arrow |
| 24:47 | Research | Bodkin Arrow |
| 24:47 | Research | Bow Saw |
| 24:47 | Research | Bow Saw |
| 24:48 | Research | Bow Saw |
| 24:48 | Queue | Villager (Male) |
| 24:58 | Build | University |
| 25:16 | Queue | Villager (Male) |
Build order — BCPrattIV
First 150 of 221 actions detected
| 0:01 | Queue | Villager (Male) |
| 0:02 | Build | House |
| 0:04 | Build | House |
| 0:24 | Queue | Villager (Male) |
| 0:26 | Queue | Villager (Male) |
| 0:44 | Queue | Villager (Male) |
| 1:33 | Queue | Villager (Male) |
| 1:46 | Build | Lumber Camp |
| 2:05 | Queue | Villager (Male) |
| 2:34 | Queue | Villager (Male) |
| 2:55 | Queue | Villager (Male) |
| 3:16 | Queue | Villager (Male) |
| 3:34 | Build | House |
| 3:53 | Queue | Villager (Male) |
| 4:07 | Queue | Villager (Male) |
| 4:28 | Queue | Villager (Male) |
| 5:09 | Queue | Villager (Male) |
| 5:18 | Build | Mill |
| 5:19 | Queue | Villager (Male) |
| 5:53 | Queue | Villager (Male) |
| 6:33 | Research | Feudal Age |
| 7:08 | Build | House |
| 7:47 | Build | Barracks |
| 8:35 | Queue | Villager (Male) |
| 8:43 | Age | Feudal Age |
| 8:46 | Build | Stable |
| 8:53 | Research | Double-Bit Axe |
| 8:58 | Queue | Villager (Male) |
| 9:08 | Build | Farm |
| 9:22 | Build | Farm |
| 9:24 | Queue | Villager (Male) |
| 9:36 | Build | House |
| 9:41 | Build | Farm |
| 9:45 | Queue | Scout Cavalry |
| 9:56 | Build | Farm |
| 10:01 | Queue | Villager (Male) |
| 10:08 | Build | House |
| 10:09 | Build | Palisade Wall |
| 10:13 | Queue | Scout Cavalry |
| 10:31 | Build | Palisade Wall |
| 10:33 | Queue | Villager (Male) |
| 10:36 | Research | Loom |
| 10:49 | Queue | Scout Cavalry |
| 11:00 | Build | Blacksmith |
| 11:10 | Queue | Villager (Male) |
| 11:13 | Build | Farm |
| 11:17 | Build | Palisade Wall |
| 11:27 | Queue | Scout Cavalry |
| 11:40 | Build | Palisade Gate |
| 11:53 | Queue | Villager (Male) |
| 11:56 | Queue | Scout Cavalry |
| 12:02 | Build | House |
| 12:05 | Build | Farm |
| 12:10 | Build | House |
| 12:12 | Build | Palisade Wall |
| 12:24 | Queue | Villager (Male) |
| 13:01 | Queue | Villager (Male) |
| 13:03 | Build | Farm |
| 13:03 | Build | Farm |
| 13:03 | Build | Farm |
| 13:08 | Build | House |
| 13:10 | Build | Palisade Wall |
| 13:20 | Queue | Villager (Male) |
| 13:29 | Queue | Villager (Male) |
| 13:31 | Build | Farm |
| 13:43 | Queue | Scout Cavalry |
| 13:44 | Queue | Villager (Male) |
| 13:54 | Build | Farm |
| 13:58 | Build | Palisade Wall |
| 14:30 | Queue | Scout Cavalry |
| 14:30 | Queue | Scout Cavalry |
| 14:39 | Queue | Villager (Male) |
| 14:52 | Build | Farm |
| 15:04 | Queue | Scout Cavalry |
| 15:14 | Queue | Villager (Male) |
| 15:18 | Research | Scale Barding Armor |
| 15:24 | Build | Farm |
| 15:31 | Queue | Villager (Male) |
| 15:40 | Build | Farm |
| 15:55 | Queue | Villager (Male) |
| 16:25 | Queue | Villager (Male) |
| 16:28 | Queue | Scout Cavalry |
| 16:34 | Queue | Villager (Male) |
| 16:54 | Queue | Scout Cavalry |
| 16:58 | Build | Stable |
| 17:31 | Queue | Scout Cavalry |
| 17:32 | Queue | Villager (Male) |
| 17:53 | Build | Mill |
| 17:57 | Queue | Scout Cavalry |
| 17:57 | Queue | Scout Cavalry |
| 17:58 | Research | Forging |
| 17:59 | Queue | Villager (Male) |
| 18:23 | Build | Farm |
| 18:23 | Build | Farm |
| 18:24 | Build | Farm |
| 18:29 | Queue | Villager (Male) |
| 18:41 | Queue | Scout Cavalry |
| 18:42 | Queue | Scout Cavalry |
| 18:43 | Queue | Villager (Male) |
| 19:06 | Queue | Villager (Male) |
| 19:13 | Build | Mining Camp |
| 19:42 | Queue | Villager (Male) |
| 19:44 | Queue | Scout Cavalry |
| 19:44 | Queue | Scout Cavalry |
| 20:05 | Build | Market |
| 20:14 | Queue | Villager (Male) |
| 20:18 | Research | Bloodlines |
| 20:18 | Queue | Scout Cavalry |
| 20:19 | Queue | Scout Cavalry |
| 20:48 | Queue | Villager (Male) |
| 20:51 | Queue | Scout Cavalry |
| 20:51 | Queue | Scout Cavalry |
| 21:07 | Queue | Villager (Male) |
| 21:09 | Queue | Scout Cavalry |
| 21:10 | Queue | Scout Cavalry |
| 21:13 | Build | Lumber Camp |
| 21:45 | Queue | Villager (Male) |
| 22:10 | Queue | Villager (Male) |
| 22:14 | Build | Stable |
| 22:16 | Build | Mill |
| 22:18 | Build | Farm |
| 22:18 | Build | Farm |
| 22:18 | Build | Farm |
| 22:18 | Build | Farm |
| 22:25 | Build | Farm |
| 22:25 | Build | Farm |
| 22:25 | Build | Farm |
| 23:13 | Queue | Scout Cavalry |
| 23:14 | Queue | Scout Cavalry |
| 23:16 | Queue | Villager (Male) |
| 23:24 | Build | Farm |
| 23:24 | Build | Farm |
| 23:24 | Build | Farm |
| 23:24 | Build | Farm |
| 23:27 | Build | Farm |
| 23:28 | Build | Farm |
| 23:40 | Queue | Villager (Male) |
| 24:15 | Research | Castle Age |
| 24:24 | Queue | Villager (Male) |
| 24:32 | Build | Farm |
| 24:33 | Build | Farm |
| 24:33 | Build | Farm |
| 24:33 | Build | Farm |
| 24:55 | Queue | Scout Cavalry ×3 |
| 25:04 | Build | Farm |
| 25:10 | Build | Mill |
| 25:13 | Build | Lumber Camp |
| 25:24 | Queue | Scout Cavalry ×3 |
| 25:41 | Build | Farm |
| 25:41 | Build | Farm |
Match timeline
| 5:34 | luch0_ta · wall_segment Palisade Wall x6 |
| 7:36 | Yisaac · first_building Barracks |
| 7:39 | tigerdownhill_ · wall_segment Palisade Wall x6 |
| 7:41 | Lord Aubergine · first_building Barracks |
| 7:47 | BCPrattIV · first_building Barracks |
| 8:05 | shottyg · first_building Barracks |
| 8:06 | Nubsinc · first_building Barracks |
| 8:08 | tigerdownhill_ · wall_segment Palisade Wall x1 |
| 8:14 | tigerdownhill_ · first_building Barracks |
| 8:19 | luch0_ta · first_building Barracks |
| 8:40 | Yisaac · age_up feudal |
| 8:43 | Yisaac · first_building Stable |
| 8:43 | BCPrattIV · age_up feudal |
| 8:46 | BCPrattIV · first_building Stable |
| 8:57 | tigerdownhill_ · wall_segment Palisade Wall x4 |
| 8:59 | Nubsinc · age_up feudal |
| 9:00 | luch0_ta · wall_segment Palisade Wall x8 |
| 9:02 | Nubsinc · first_building Stable |
| 9:03 | TheEagle · age_up feudal |
| 9:05 | TheEagle · first_building Stable |
| 9:05 | Lord Aubergine · age_up feudal |
| 9:05 | luch0_ta · wall_segment Palisade Wall x6 |
| 9:08 | Lord Aubergine · first_building Archery Range |
| 9:15 | tigerdownhill_ · age_up feudal |
| 9:19 | tigerdownhill_ · first_building Archery Range |
| 9:33 | shottyg · age_up feudal |
| 9:37 | shottyg · first_building Archery Range |
| 10:06 | Lord Aubergine · wall_segment Palisade Wall x5 |
| 10:09 | BCPrattIV · wall_segment Palisade Wall x9 |
| 10:30 | luch0_ta · age_up feudal |
| 10:31 | BCPrattIV · wall_segment Palisade Wall x6 |
| 10:33 | luch0_ta · first_building Archery Range |
| 10:40 | TheEagle · wall_segment Palisade Wall x10 |
| 10:47 | luch0_ta · wall_segment Palisade Wall x9 |
| 10:52 | luch0_ta · wall_segment Palisade Wall x10 |
| 11:06 | TheEagle · wall_segment Palisade Wall x1 |
| 11:07 | luch0_ta · wall_segment Palisade Wall x10 |
| 11:08 | Lord Aubergine · wall_segment Palisade Wall x3 |
| 11:17 | BCPrattIV · wall_segment Palisade Wall x7 |
| 11:43 | Lord Aubergine · wall_segment Palisade Wall x2 |
| 12:10 | tigerdownhill_ · wall_segment Palisade Wall x7 |
| 12:12 | BCPrattIV · wall_segment Palisade Wall x10 |
| 12:15 | tigerdownhill_ · wall_segment Palisade Wall x14 |
| 12:20 | tigerdownhill_ · wall_segment Palisade Wall x9 |
| 12:21 | Lord Aubergine · wall_segment Palisade Wall x10 |
| 13:10 | BCPrattIV · wall_segment Palisade Wall x6 |
| 13:46 | Lord Aubergine · wall_segment Palisade Wall x6 |
| 13:49 | tigerdownhill_ · wall_segment Palisade Wall x11 |
| 13:56 | Nubsinc · wall_segment Palisade Wall x13 |
| 13:56 | Lord Aubergine · wall_segment Palisade Wall x8 |
| 13:58 | BCPrattIV · wall_segment Palisade Wall x4 |
| 14:03 | Lord Aubergine · wall_segment Palisade Wall x1 |
| 14:06 | luch0_ta · wall_segment Palisade Wall x1 |
| 14:08 | Lord Aubergine · wall_segment Palisade Wall x1 |
| 15:27 | Lord Aubergine · wall_segment Palisade Wall x1 |
| 18:12 | Lord Aubergine · wall_segment Palisade Wall x7 |
| 18:21 | Lord Aubergine · wall_segment Palisade Wall x5 |
| 18:30 | Nubsinc · wall_segment Palisade Wall x9 |
| 20:14 | Nubsinc · wall_segment Palisade Wall x7 |
| 20:35 | luch0_ta · first_market_sell 100 wood |
| 20:37 | luch0_ta · first_market_buy 100 food |
| 22:04 | Lord Aubergine · first_market_buy 100 food |
| 22:16 | Lord Aubergine · wall_segment Palisade Wall x1 |
| 22:16 | Lord Aubergine · wall_segment Palisade Wall x1 |
| 22:59 | tigerdownhill_ · wall_segment Palisade Wall x16 |
| 23:22 | BCPrattIV · first_market_buy 100 food |
| 23:27 | luch0_ta · wall_segment Palisade Wall x8 |
| 23:37 | TheEagle · age_up castle |
| 23:54 | tigerdownhill_ · wall_segment Palisade Wall x8 |
| 23:56 | tigerdownhill_ · wall_segment Palisade Wall x2 |
| 24:05 | Yisaac · age_up castle |
| 24:12 | tigerdownhill_ · wall_segment Palisade Wall x2 |
| 24:13 | luch0_ta · age_up castle |
| 24:14 | tigerdownhill_ · wall_segment Palisade Wall x8 |
| 24:27 | tigerdownhill_ · wall_segment Palisade Wall x1 |
| 24:28 | tigerdownhill_ · wall_segment Palisade Wall x1 |
| 24:35 | tigerdownhill_ · wall_segment Palisade Wall x2 |
| 24:43 | tigerdownhill_ · age_up castle |
| 24:47 | Lord Aubergine · age_up castle |
| 24:53 | Lord Aubergine · first_market_sell 100 wood |
| 24:56 | luch0_ta · first_building Siege Workshop |
| 25:01 | luch0_ta · wall_segment Palisade Wall x3 |
| 26:23 | BCPrattIV · tribute_sent a jugador 1 |
| 26:23 | BCPrattIV · tribute_sent a jugador 2 |
| 26:23 | BCPrattIV · tribute_sent a jugador 3 |
| 26:23 | BCPrattIV · tribute_sent a jugador 4 |
| 26:23 | BCPrattIV · tribute_sent a jugador 5 |
| 26:23 | BCPrattIV · tribute_sent a jugador 6 |
| 26:23 | BCPrattIV · tribute_sent a jugador 7 |
| 26:54 | BCPrattIV · age_up castle |
| 27:08 | Nubsinc · age_up castle |
| 27:17 | BCPrattIV · first_market_sell 100 food |
| 27:44 | shottyg · age_up castle |
| 31:08 | shottyg · first_market_buy 100 stone |
| 31:08 | Yisaac · first_market_buy 100 wood |
| 33:50 | tigerdownhill_ · first_building Monastery |
| 34:25 | Nubsinc · resign |
| 35:31 | Yisaac · first_building Monastery |
| 36:14 | tigerdownhill_ · first_building Castle |
| 37:12 | TheEagle · age_up imperial |
| 37:15 | luch0_ta · wall_segment Palisade Wall x1 |
[ AI ANALYSIS · 1 CREDIT ]
What really happened in this match?
Wolo.gg analyzes every decision: build order, eco, micro, common mistakes by bracket. Personalized analysis on WhatsApp or Discord in 30 seconds.
Civ guide
Ethiopians
Perfil
Jugador #4311580